 Dungeon Crawl Stone Soup version 0.31-a0-1178-gc5c9b8f871 (webtiles) character file.

Game seed: 14970385566606382911

21 qw the Shooter (level 2, -1/17 HPs)
             Began as a Gargoyle Hunter on Dec 11, 2023.
             Slain by a hobgoblin
             ... wielding a +0 war axe
              (4 damage)
             ... on level 1 of the Dungeon.
             The game lasted 00:00:10 (229 turns).

qw the Shooter (Gargoyle Hunter)                     Turns: 229, Time: 00:00:11

Health: -1/17      AC:  5    Str: 14    XL:     2   Next: 87%
Magic:  2/2        EV: 11    Int:  9    God:
Gold:   38         SH:  0    Dex: 13    Spells: 1/1 levels left

rFire   . . .        a - +0 shortbow
rCold   . . .        (shield currently unavailable)
rNeg    + . .        c - +0 leather armour
rPois   inf          (no helmet)
rElec   +            (no cloak)
rCorr   .            (no gloves)
SInv    .            (no boots)
Will    +....        (no amulet)
Stlth   +            (no ring)
HPRegen 0.22/turn    (no ring)
MPRegen 0.08/turn

%: no passive effects
@: enlightened, flying
A: sickness immunity, AC +2, negative energy resistance 1, electricity
resistance, torment resistance 1, petrification resistance
a: no special abilities


You were on level 1 of the Dungeon.
You visited 1 branch of the dungeon, and saw 2 of its levels.

You collected 38 gold pieces.


Innate Abilities, Weirdness & Mutations

You are immune to sickness and miasma.
Your stone body is resilient. (AC +2)
You are immune to poison.
You resist negative energy. (rN+)
You are resistant to electric shocks. (rElec)
You are resistant to unholy torment.
You are immune to petrification.


   Skills:
 - Level 2.1 Fighting
 + Level 4.8 Ranged Weapons
 - Level 1.5 Dodging
 - Level 1.1 Stealth


You had one spell level left.
You didn't know any spells.
Your spell library was empty.

Inventory:

Hand Weapons
 a - a +0 shortbow (weapon)
Armour
 c - a +0 leather armour (worn)
Scrolls
 b - a scroll of butterflies
 d - a scroll of blinking {unknown}
 e - 2 scrolls of fear {unknown}
 g - a scroll of teleportation {unknown}

Dungeon Overview and Level Annotations

Branches:
Dungeon (2/15)

Altars:


Message History

You shoot an arrow. The arrow hits the jackal.
The jackal is moderately wounded.
You shoot an arrow. The arrow barely misses the jackal.
The jackal bites you but does no damage. x2
You shoot an arrow. The arrow closely misses the jackal.
The jackal barely misses you.
The jackal bites you but does no damage.
A hobgoblin comes into view. It is wielding a +0 war axe.
The goblin hits you with a +0 dagger.
You shoot an arrow. The arrow misses the jackal.
The hobgoblin shouts!
The goblin barely misses you.
You shoot an arrow. The arrow hits the jackal.
The jackal is heavily wounded.
The jackal bites you but does no damage.
The goblin barely misses you.
You shoot an arrow. The arrow misses the jackal.
The jackal bites you but does no damage.
The jackal bites you. The goblin hits you but does no damage.
The jackal barely misses you.
The jackal bites you but does no damage.
You shoot an arrow. The arrow hits the jackal!
You kill the jackal!
The jackal bites you but does no damage.
The goblin misses you.
The jackal bites you but does no damage.
You shoot an arrow. The arrow hits the jackal.
You kill the jackal!
The goblin hits you but does no damage. The goblin closely misses you.
You shoot an arrow. The arrow hits the hobgoblin.
The hobgoblin is almost dead.
The goblin hits you with a +0 dagger.
The hobgoblin hits you with a +0 war axe!
Ouch! That really hurt!
229 ||| DRINKING purple potion.
It was a potion of enlightenment.
You feel very buoyant.
You fly up into the air.
The goblin closely misses you.
The hobgoblin hits you with a +0 war axe.
You die...

. .. ####### .
...####.....###
.. ....#........
... #.......###
.).. #.>......#
....#####.(...#.#
#.g...........
#.g@..........
#.%...........
#.............
#.............
#.............
#.............
#............
#...........


You could see a hobgoblin and a goblin.

Vanquished Creatures
  A dart slug (D:1)
  3 endoplasms (D:1)
  A goblin (D:1)
  2 hobgoblins
  2 jackals (D:1)
  3 quokkas
  2 ball pythons (D:1)
  3 frilled lizards
17 creatures vanquished.

Notes
Turn   | Place    | Note
-------+----------+-------------------------------------------
     0 | D:1      | qw the Gargoyle Hunter began the quest for the Orb.
     0 | D:1      | Reached XP level 1. HP: 12/12 MP: 1/1
     0 | D:1      | 0 ||| qw: Version: 0.3-a-106-g2cfff9e
     0 | D:1      | 0 ||| qw: Game counter: 2044
     0 | D:1      | 0 ||| qw: Melee chars always use a shield: true
     0 | D:1      | 0 ||| qw: God list: Okawaru
     0 | D:1      | 0 ||| qw: Allow faded altars: false
     0 | D:1      | 0 ||| qw: Do Orc after clearing Dungeon:15 true
     0 | D:1      | 0 ||| qw: Do second Lair branch before Depths: true
     0 | D:1      | 0 ||| qw: Lair rune preference: random
     0 | D:1      | 0 ||| qw: Goals: Normal, Save, Zot:1-4, Win
     0 | D:1      | 0 ||| PLANNING D:1-11
    81 | D:1      | Reached XP level 2. HP: 16/17 MP: 2/2
   157 | D:1      | You fall into a shaft and drop 1 floor!
   197 | D:2      | 197 ||| FLEEEEING.
   200 | D:2      | 200 ||| FLEEEEING.
   201 | D:2      | 201 ||| FLEEEEING.
   202 | D:2      | 202 ||| FLEEEEING.
   203 | D:2      | 203 ||| FLEEEEING.
   204 | D:2      | 204 ||| STAIRDANCE
   228 | D:1      | HP: 3/17 [hobgoblin/+0 war axe (11)]
   229 | D:1      | 229 ||| DRINKING purple potion.
   229 | D:1      | Slain by a hobgoblin

Levels and vault maps discovered:
D:1:      heliophobic_arrival_enchanted_forest, layout_basic,
          grunt_decor_junction
D:2:      layout_loops_ring, basic_altar, uniq_terence

Action                     || total
---------------------------++-------
   Fire: Shortbow          ||    44
    Use: Potion            ||     1
 Armour: Leather armour    ||    17
  Dodge: Dodged            ||    12

Table legend:
 A = Non-vault XP
 B = Vault XP
 C = Vault XP percentage of total XP
 D = Non-vault monster count
 E = Vault monster count
 F = Vault count percentage of total count
                 A         B        C        D         E       F
            +---------+---------+-------+---------+---------+-------
      Total |      31 |       0 |   0.0 |      17 |       0 |   0.0
            +---------+---------+-------+---------+---------+-------
        D:1 |      26 |       0 |   0.0 |      14 |       0 |   0.0
        D:2 |       5 |       0 |   0.0 |       3 |       0 |   0.0
            +---------+---------+-------+---------+---------+-------
